 Dungeon Crawl Stone Soup version 0.20-a0-514-g839ffe0 (webtiles) character file.

1019 Lahna the Covered (level 8, -4/74 HPs)
             Began as a Deep Dwarf Fighter on Jan 24, 2017.
             Was an Initiate of Makhleb.
             Killed from afar by an electric eel (11 damage)
             ... with a bolt of electricity
             ... on level 6 of the Dungeon.
             The game lasted 00:06:10 (4102 turns).

Lahna the Covered (Deep Dwarf Fighter)              Turns: 4102, Time: 00:06:11

Health: -4/74      AC: 10    Str: 22    XL:     8   Next: 2%
Magic:  6/6        EV:  8    Int:  9    God:    Makhleb [......]
Gold:   300        SH: 10    Dex: 12    Spells: 7/7 levels left

rFire    . . .     SeeInvis +   a - +0 war axe
rCold    . . .     Gourm    .   b - +0 scale mail
rNeg     . . .     Faith    .   c - +0 shield
rPois    .         Spirit   .   (no helmet)
rElec    .         Reflect  .   u - +0 cloak
rCorr    .         Harm     .   x - +0 pair of gloves
MR       +....                  (no boots)
Stlth    ..........             (no amulet)
Regen    0.0/turn               (no ring)
                                i - ring of see invisible

@: non-regenerating
A: damage resistance, recharge devices, sense surroundings 1, slow regeneration
3
a: Heal Wounds, Renounce Religion


You were on level 6 of the Dungeon.
You worshipped Makhleb.
Makhleb was noncommittal.
You were not hungry.

You visited 1 branch of the dungeon, and saw 6 of its levels.

You collected 300 gold pieces.

Inventory:

Hand Weapons
 a - a +0 war axe (weapon)
 y - a +2 trident of flaming
 I - a +0 whip of venom
Armour
 b - a +0 scale mail (worn)
 c - a +0 shield (worn)
 u - a +0 cloak (worn)
 x - a +0 pair of gloves (worn)
Jewellery
 i - a ring of see invisible (left hand)
Wands
 v - a wand of confusion (27/48)
 F - a wand of flame (26/48)
Scrolls
 d - 2 scrolls of noise {unknown}
 e - 4 scrolls of amnesia {unknown}
 g - 2 scrolls of enchant weapon {unknown}
 m - 4 scrolls of remove curse {unknown}
 n - 4 scrolls of fear {unknown}
 o - a scroll of magic mapping {unknown}
 p - 3 scrolls of identify {unknown}
 r - 2 scrolls of teleportation {unknown}
 s - a scroll of immolation {unknown}
 t - a scroll of random uselessness {unknown}
 w - a scroll of fog {unknown}
 D - a scroll of enchant armour {unknown}
Potions
 j - a potion of heal wounds {unknown}
 k - a potion of lignification {unknown}
 l - 2 potions of brilliance {unknown}
 q - a potion of resistance {unknown}
 z - a potion of flight {unknown}
 B - a potion of mutation {unknown}
 E - 2 potions of curing {unknown}
 G - 2 potions of haste {unknown}
Books
 H - a book of Cantrips

   Spells                             Type                      Level
   a - Confusing Touch                Hexes                        1
   b - Animate Skeleton               Necromancy                   1
   c - Summon Small Mammal            Summoning                    1
   d - Apportation                    Translocation                1
Comestibles
 f - 5 bread rations
 h - 4 royal jellies
 A - 2 fruits
 C - 5 chunks of flesh


   Skills:
 + Level 5.0 Fighting
 + Level 5.5 Axes
 + Level 6.0 Armour
 + Level 5.9 Shields


You had 7 spell levels left.
You didn't know any spells.

Dungeon Overview and Level Annotations

Branches:
Dungeon (6/15)
 Temple: D:4-7

Altars:
Elyvilon
Makhleb
Sif Muna
Uskayaw
The Shining One

Shops:
D:4 :

Annotations:
D:1 1 runed door


Innate Abilities, Weirdness & Mutations

You are resistant to damage.
You can recharge devices by infusing magical energy.
You passively map a small area around you.
You do not regenerate.


Message History

The electric eel shoots out a bolt of lightning at you!
The bolt of electricity hits you!
* * * LOW HITPOINT WARNING * * *
Use which ability? (? or * to list)
You feel much better.
The electric eel shoots out a bolt of lightning at you!
The bolt of electricity hits you!
* * * LOW HITPOINT WARNING * * *
The electric eel shoots out a bolt of lightning at you!
The bolt of electricity hits you!
* * * LOW HITPOINT WARNING * * *
The electric eel shoots out a bolt of lightning at you!
The bolt of electricity hits you!
* * * LOW HITPOINT WARNING * * *
The electric eel shoots out a bolt of lightning at you!
The bolt of electricity hits you!
* * * LOW HITPOINT WARNING * * *
The electric eel shoots out a bolt of lightning at you!
The bolt of electricity hits you!
You die...

░ ░░░.░░.░░.░░░ ≈≈≈≈≈≈..<░
░.░░░.░.░░......░ , ≈≈≈≈≈P..░*
........░░░░░.░.░ ..≈≈≈.....,,
......░.......░.░ ░..≈≈P..░o░░
░░.░░.░░░░░░░░░.░░ ░..;≈≈....░
░ ░.░ ░...░░░░.≈≈≈≈...░░*
░.░░.░░░░ ░...░░...≈≈≈P≈.░
░.......░ ░...░░.%..≈≈≈≈.░
░░..░.░░.░░░░░..@░░..≈≈≈≈≈≈..
......░░.░...........;≈≈≈≈...
,
....░.................P≈≈≈...*
░░..░░░░.░.........>..≈≈≈≈...
░..░░░░.░░░░░...░....≈≈≈≈≈.. ,
░.......░ ░...░...≈≈≈≈≈≈..
░░░.░░░░░ ░...░.░.≈≈≈≈.... *
*░.░ ░...░!░.≈≈≈≈≈... . ░.░
░░.░░.░.░≈≈≈.P..


You could see an electric eel.

Vanquished Creatures
  Sigmund (D:4)
  Menkaure (D:4)
  The ghost of WhatIsLove the Conjurer, an amateur TeCj (D:3)
  An ogre (D:4)
  A scorpion (D:6)
  A howler monkey (D:5)
  A hound (D:4)
  3 orc wizards (D:3)
  An orc priest (D:3)
  A gnoll shaman (D:5)
  An iguana (D:4)
  A worker ant (D:5)
  A worker ant zombie (D:5)
  4 gnolls (D:5)
  10 adders
  An ooze (D:3)
  3 worms
  3 dart slugs (D:1)
  3 leopard geckos
  8 orcs (D:3)
  A ball python (D:5)
  5 giant cockroaches
  2 goblins (D:1)
  6 hobgoblins
  2 jackals (D:2)
  6 kobolds
  3 quokkas
  10 bats
  3 frilled lizards
  A leopard gecko skeleton (D:4)
  A quokka skeleton (D:4)
  9 rats
96 creatures vanquished.

Vanquished Creatures (others)
  A shadow imp (D:6)
1 creature vanquished.

Grand Total: 97 creatures vanquished

Notes
Turn   | Place    | Note
-------+----------+-------------------------------------------
     0 | D:1      | Lahna the Deep Dwarf Fighter began the quest for the Orb.
     0 | D:1      | Reached XP level 1. HP: 20/20 MP: 1/1
     3 | D:1      | Found a runed door.
   155 | D:1      | Reached XP level 2. HP: 17/27 MP: 2/2
   465 | D:1      | Reached XP level 3. HP: 31/34 MP: 3/3
   834 | D:2      | Found a deep blue altar of Sif Muna.
  1433 | D:2      | Reached skill level 4 in Armour
  1433 | D:2      | Reached XP level 4. HP: 34/42 MP: 4/4
  1868 | D:3      | Reached XP level 5. HP: 31/49 MP: 5/5
  1972 | D:3      | Found a white marble altar of Elyvilon.
  2394 | D:3      | Noticed WhatIsLove's ghost (amateur TeCj)
  2416 | D:3      | Killed WhatIsLove's ghost
  2416 | D:3      | Reached XP level 6. HP: 15/57 MP: 5/5
  2593 | D:3      | Found a glowing golden altar of the Shining One.
  2667 | D:4      | Noticed Menkaure
  2672 | D:4      | Killed Menkaure
  2672 | D:4      | Reached skill level 5 in Armour
  2672 | D:4      | Reached skill level 5 in Shields
  2740 | D:4      | Noticed Sigmund
  2754 | D:4      | Killed Sigmund
  2754 | D:4      | Reached XP level 7. HP: 33/66 MP: 6/6
  2936 | D:4      | Got a transparent rapier
  2937 | D:4      | Identified the +5 rapier of Gozag's Hatred {drain, -Tele rPois rN+++ Str-4} (You found it on level 4 of the Dungeon)
  3008 | D:4      | Found Qoumunor's Book Emporium.
  3058 | D:4      | Reached skill level 5 in Axes
  3172 | D:5      | Entered Level 5 of the Dungeon
  3621 | D:5      | Reached skill level 5 in Fighting
  3827 | D:5      | Found a burning altar of Makhleb.
  3832 | D:5      | Became a worshipper of Makhleb the Destroyer
  3977 | D:6      | Reached skill level 6 in Armour
  4032 | D:6      | Reached XP level 8. HP: 52/74 MP: 6/6
  4067 | D:6      | Found a hide-covered altar of Uskayaw.
  4102 | D:6      | Killed from afar by an electric eel

Vault maps used:
D:1:      dpeg_arrival_caged_fury
D:2:      lemuel_doored_altar, first_bread
D:3:      tso_altar, elyvilon_altar_5, wad_floor_pattern_1
D:4:      serial_shops, kennysheep_mini, uniq_sigmund, uniq_menkaure
D:5:      marbit_many_paths, nicolae_overflow_hidden_temple
D:6:      nicolae_dithmenos_the_darkroom, kennysheep_little_box,
          chequers_big_river, item_on_display_a, uniq_eustachio

Skill      XL: |  1  2  3  4  5  6  7 |
---------------+----------------------+-----
Fighting       | 3 4 5 |  5.0
Axes           | 3 4 5 |  5.5
Armour         | 4 5 6 |  6.0
Shields        | 4 5 |  5.9

Action                   |  1- 3 |  4- 6 |  7- 9 || total
-------------------------+-------+-------+-------++-------
Melee: War axe           |   136 |   122 |   105 ||   363
 Abil: Heal Wounds       |     1 |     3 |     5 ||     9
  Use: Potion            |       |     1 |       ||     1
  Eat: Chunk             |     2 |     4 |     5 ||    11
Armor: Scale mail        |    57 |    55 |    30 ||   142
Dodge: Dodged            |    44 |    28 |    29 ||   101
Block: Shield            |    83 |    56 |    51 ||   190
